 Dungeon Crawl Stone Soup version 0.20.0-4-g10b340a (webtiles) character file.

56 Monsterracer the Chopper (level 3, -2/31 HPs)
             Began as a Hill Orc Abyssal Knight on May 27, 2017.
             Was a Follower of Lugonu.
             Killed from afar by an orc wizard (7 damage)
             ... with a puff of frost
             ... on level 3 of the Dungeon.
             The game lasted 00:04:26 (2175 turns).

Monsterracer the Chopper (Hill Orc Abyssal Knight)  Turns: 2175, Time: 00:04:27

Health: -2/31      AC:  6    Str: 14    XL:     3   Next: 97%
Magic:  4/4        EV:  9    Int: 12    God:    Lugonu [*.....]
Gold:   55         SH:  0    Dex: 11    Spells: 2/2 levels left

rFire    . . .     SeeInvis .   a - +1 hand axe
rCold    . . .     Gourm    .   (no shield)
rNeg     . . .     Faith    .   l - +0 scale mail
rPois    .         Spirit   .   (no helmet)
rElec    .         Reflect  .   (no cloak)
rCorr    .         Harm     .   (no gloves)
MR       .....                  (no boots)
Stlth    ..........             (no amulet)
Regen    0.1/turn               (no ring)
MPRegen  0.1/turn               (no ring)

@: no status effects
A: no striking features
a: Depart the Abyss, Renounce Religion


You were on level 3 of the Dungeon.
You worshipped Lugonu.
Lugonu was aware of your devotion.
You were not hungry.

You visited 1 branch of the dungeon, and saw 3 of its levels.
You visited the Abyss 1 time.

You collected 55 gold pieces.

Inventory:

Hand Weapons
 a - a +1 hand axe (weapon)
Armour
 l - a +0 scale mail (worn)
Scrolls
 b - a scroll of recharging {unknown}
 e - a scroll of fear {unknown}
 g - 6 scrolls of identify {unknown}
 h - a scroll of blinking {unknown}
 j - a scroll of enchant armour {unknown}
 k - a scroll of teleportation {unknown}
Potions
 d - 3 potions of curing
 i - 4 potions of heal wounds
Comestibles
 c - 2 bread rations
 f - a royal jelly
 m - a meat ration


   Skills:
 - Level 3.6 Fighting
 + Level 5.4 Axes
 - Level 2.1 Armour
 - Level 0.7 Dodging
 - Level 2.4 Invocations


You had 2 spell levels left.
You didn't know any spells.

Dungeon Overview and Level Annotations

Branches:
Dungeon (3/15)

Altars:
Ashenzari
Ru
Vehumet


Message History

Lugonu accepts your kill. The orc wizard closely misses you.
You hit the orc wizard.
The orc wizard is moderately wounded.
The orc wizard hits you but does no damage. x2
You miss the orc wizard.
The orc wizard is moderately wounded.
The orc wizard casts a spell at you. The puff of frost hits you!
* * * LOW HITPOINT WARNING * * *
You closely miss the orc wizard.
The orc wizard is moderately wounded.
The orc wizard hits you with a dagger.
* * * LOW HITPOINT WARNING * * *
The orc wizard closely misses you.
You hit the orc wizard.
The orc wizard is severely wounded.
The orc wizard gestures at you while chanting.
The puff of frost hits you!
You die...

## # #.# # ...
####### #.# .......
#.# ###### ##.## #
#...# # ######[o)###
# .......@...# #
###........# #
##..$....# #
#####....## #
.......†..#
###########
.########.#
#..........
....#.####.###)#####
#..#.....# #.#
###.###### #.#


You could see an orc wizard.

Vanquished Creatures
  2 worms
  A leopard gecko (D:1)
  3 orcs (D:3)
  3 giant cockroaches (D:2)
  3 goblins (D:1)
  3 hobgoblins
  5 jackals (D:2)
  4 kobolds
  2 ball pythons (D:1)
  8 bats
  4 frilled lizards
  5 rats
43 creatures vanquished.

Notes
Turn   | Place    | Note
-------+----------+-------------------------------------------
     0 | Abyss:1  | Monsterracer the Hill Orc Abyssal Knight began the quest for the Orb.
     0 | Abyss:1  | Reached XP level 1. HP: 19/19 MP: 2/2
    35 | Abyss:1  | Noticed a wraith
    35 | Abyss:1  | Noticed a snapping turtle simulacrum
    48 | Abyss:1  | Noticed an ancient zyme
    54 | D:1      | Escaped the Abyss
    85 | D:1      | Reached skill level 3 in Axes
   266 | D:1      | Reached XP level 2. HP: 23/26 MP: 3/3
   869 | D:1      | Reached skill level 4 in Axes
  1277 | D:1      | Reached * piety under Lugonu
  1367 | D:2      | Found a radiant altar of Vehumet.
  1389 | D:2      | Reached XP level 3. HP: 30/31 MP: 4/4
  1549 | D:2      | Found a shattered altar of Ashenzari.
  1653 | D:2      | Reached skill level 5 in Axes
  1832 | D:2      | Found a sacrificial altar of Ru.
  2175 | D:3      | Killed from afar by an orc wizard

Skill      XL: |  1  2  3 |
---------------+----------+-----
Axes           | 3 4 5 |  5.4
Fighting       | |  3.6
Armour         | |  2.1
Dodging        | |  0.7
Invocations    | |  2.4

Action                   || total
-------------------------++-------
Melee: Hand axe          ||   160
Invok: Depart the Abyss  ||     1
  Use: Potion            ||     6
  Eat: Chunk             ||     4
Armor: Leather armour    ||    24
       Ring mail         ||    30
       Scale mail        ||    10
Dodge: Dodged            ||   109
